 Dungeon Crawl Stone Soup version 0.19.5 (webtiles) character file.

49 Aquagraph the Vexing (level 4, -4/26 HPs)
             Began as a Kobold Arcane Marksman on Apr 26, 2017.
             Slain by a gnoll
             ... wielding a +0 whip
              (5 damage)
             ... on level 2 of the Dungeon.
             The game lasted 00:15:21 (1587 turns).

Aquagraph the Vexing (Kobold Arcane Marksman)       Turns: 1587, Time: 00:15:22

Health: -4/26      AC:  4    Str:  8    XL:     4   Next: 2%
Magic:  5/5        EV: 15    Int: 14    God:
Gold:   117        SH:  0    Dex: 15    Spells: 1 memorised, 4 levels left

rFire  . . .     SeeInvis .     a - +0 shortbow
rCold  . . .     Gourm    .     p - +0 leather armour
rNeg   . . .     Faith    .     (shield currently unavailable)
rPois  .         Spirit   .     k - +0 helmet
rElec  .         Reflect  .     (no cloak)
rCorr  .         Harm     .     (no gloves)
MR     .....                    (no boots)
Stlth  +.........               (no amulet)
                                (no ring)
                                (no ring)

@: no status effects
A: carnivore 3
a: no special abilities


You were on level 2 of the Dungeon.
You were full.

You visited 1 branch of the dungeon, and saw 2 of its levels.

You collected 117 gold pieces.

Inventory:

Hand Weapons
 a - a +0 shortbow (weapon)
 o - a +0 dagger
 q - a cursed +0 dagger
Missiles
 b - 35 bolts
 d - 60 arrows (quivered)
Armour
 e - a +0 robe
 k - a +0 helmet (worn)
 p - a +0 leather armour (worn)
Jewellery
 t - an uncursed amulet of regeneration {unknown}
Scrolls
 g - a scroll of remove curse
 h - a scroll of recharging {unknown}
 l - 6 scrolls of identify {unknown}
 s - a scroll of amnesia {unknown}
 v - 2 scrolls of fear
 x - a scroll of teleportation {unknown}
Potions
 i - a potion of cancellation {unknown}
 j - 3 potions of agility {unknown}
 m - a potion of brilliance {unknown}
 r - a potion of flight {unknown}
 u - a potion of might {unknown}
Books
 c - a book of Debilitation

   Spells                             Type                      Level
   a - Corona                         Hexes                        1
   b - Slow                           Hexes                        2
   c - Gell's Gravitas                Hexes/Translocation          3
   d - Inner Flame                    Hexes/Fire                   3
   e - Cause Fear                     Hexes                        4
   f - Leda's Liquefaction            Hexes/Earth                  4
Comestibles
 f - a meat ration
 n - 2 fruits
 w - a bread ration


   Skills:
 + Level 1.7 Fighting
 + Level 3.1 Bows
 + Level 2.8 Dodging
 + Level 1.2 Spellcasting
 + Level 3.3 Hexes


You had 4 spell levels left.
You knew the following spells:

 Your Spells              Type           Power        Failure   Level  Hunger
a - Corona                Hex            ##.....      12%         1    ##.....


Dungeon Overview and Level Annotations

Branches:
Dungeon (2/15)

Altars:


Innate Abilities, Weirdness & Mutations

You are small and have problems with some larger weapons.
You are carnivorous and can eat meat at any time.


Message History

Press: ? - help, Shift-Dir - straight line, f - rat
Aim: a rat You shoot an arrow.
The arrow barely misses the rat.
The gnoll hits you with a whip. The rat closely misses you.
The gnoll barely misses you.
Firing (i - inventory):
d - 62 arrows (quivered)
Press: ? - help, Shift-Dir - straight line, f/p - rat
Aim: a rat You shoot an arrow.
The arrow barely misses the rat.
The adder hisses angrily.
The gnoll hits you with a whip. The rat completely misses you.
Firing (i - inventory):
d - 61 arrows (quivered)
Press: ? - help, Shift-Dir - straight line, f/p - rat
Aim: a rat You shoot an arrow.
The arrow hits the rat.
You kill the rat!
The gnoll hits you from afar with a halberd!
* * * LOW HITPOINT WARNING * * *
The gnoll hits you with a whip.
You die...
PP

§ ♣....♣..PP♣..♣....
$♣.
♣.♣.♣..♣P♣..♣.♣P♣♣.♣
...♣.♣.♣.♣♣♣P.♣♣.P.8P♣.
♣..♣.♣♣..PPP.♣......P
♣.♣P...P♣.P♣S..8.⌠.8.
♣...♣♣(.♣..P........
###.♣.♣.♣..♣♣P.P8...
##g##(.S..♣. ♣♣♣.P♣♣♣
+.?g@#..♣..S.♣..♣..P.
##.##♣.P♣♣♣§.♣P♣.♣♣.♣ #
.♣♣ ♣. ♣♣♣....♣ ♣.
PP♣♣♣. # ...♣ ♣ .. ##


You could see 2 gnolls and an adder.

Vanquished Creatures
  An ooze (D:2)
  A dart slug (D:2)
  A leopard gecko (D:1)
  6 giant cockroaches
  5 goblins
  6 hobgoblins
  2 kobolds
  3 quokkas (D:2)
  A ball python (D:1)
  5 bats (D:1)
  A frilled lizard (D:1)
  6 rats
38 creatures vanquished.

Notes
Turn   | Place    | Note
-------+----------+-------------------------------------------
     0 | D:1      | Aquagraph the Kobold Arcane Marksman began the quest for the Orb.
     0 | D:1      | Reached XP level 1. HP: 12/12 MP: 2/2
   153 | D:1      | Reached XP level 2. HP: 15/16 MP: 3/3
   717 | D:1      | Reached XP level 3. HP: 20/20 MP: 4/4
  1520 | D:2      | Reached XP level 4. HP: 26/26 MP: 5/5
  1587 | D:2      | HP: 1/26 [gnoll/halberd (11)]
  1587 | D:2      | Slain by a gnoll

Skill      XL: |  1  2  3 |
---------------+----------+-----
Bows           | 3 |  3.1
Fighting       | |  1.7
Dodging        | |  2.8
Spellcasting   | |  1.2
Hexes          | |  3.3

Action                   |  1- 3 |  4- 6 || total
-------------------------+-------+-------++-------
Melee: Dagger            |    92 |       ||    92
 Fire: Shortbow          |   111 |     7 ||   118
 Cast: Corona            |     2 |       ||     2
  Use: Scroll            |     1 |     1 ||     2
  Eat: Chunk             |     1 |       ||     1
       Meat ration       |       |     1 ||     1
Armor: Robe              |     8 |       ||     8
       Leather armour    |     9 |       ||     9
Dodge: Dodged            |    60 |     8 ||    68
